 Dungeon Crawl Stone Soup version 0.28-a0-1130-gc51a68064b (webtiles) character file.

Game seed: 673585123843194239

84 ragingrage the Charlatan (level 4, 0/26 HPs)
             Began as a Gargoyle Artificer on Dec 12, 2021.
             Killed from afar by an orc wizard (6 damage)
             ... with a magic dart
             ... on level 3 of the Dungeon.
             The game lasted 00:03:44 (2638 turns).

ragingrage the Charlatan (Gargoyle Artificer)       Turns: 2638, Time: 00:03:45

Health: 0/26       AC: 12    Str: 16    XL:     4   Next: 46%
Magic:  4/4        EV:  7    Int: 11    God:
Gold:   104        SH:  0    Dex: 12    Spells: 3/3 levels left

rFire   . . .      SeeInvis .   f - +0 short sword
rCold   . . .      Faith    .   (no shield)
rNeg    + . .      Spirit   .   o - +0 chain mail
rPois   ∞          Reflect  .   (no helmet)
rElec   +          Harm     .   (no cloak)
rCorr   .          Rampage  .   (no gloves)
Will    .....                   (no boots)
Stlth   ..........              (no amulet)
HPRegen 0.08/turn               (no ring)
MPRegen 0.09/turn               (no ring)

@: confused, ambrosia-drunk, attractive
A: sickness immunity, AC +3, negative energy resistance 1, electricity
resistance, torment resistance 1, petrification resistance
a: no special abilities


You were on level 3 of the Dungeon.
You visited 1 branch of the dungeon, and saw 4 of its levels.

You collected 104 gold pieces.

Inventory:

Hand Weapons
 f - a +0 short sword (weapon)
Armour
 o - a +0 chain mail (worn)
Wands
 d - a wand of charming (9)
Scrolls
 a - a scroll of teleportation {unknown}
 h - a scroll of fog {unknown}
 i - a scroll of identify {unknown}
 j - a scroll of fear {unknown}
 k - 2 scrolls of amnesia {unknown}
 m - a scroll of brand weapon {unknown}
 p - a scroll of acquirement {unknown}
Miscellaneous
 e - a piece from Xom's chessboard (15/15)


   Skills:
 + Level 2.2 Fighting
 - Level 2.8 Armour
 - Level 1.5 Dodging
 - Level 2.3 Stealth
 + Level 3.2 Evocations


You had 3 spell levels left.
You didn't know any spells.
Your spell library contained the following spells:

 Spells                   Type           Power      Damage    Failure   Level
 Summon Small Mammal      Summ           0%         N/A       99%         1
 Static Discharge         Conj/Air       0%         N/A       100%        2
 Call Canine Familiar     Summ           0%         N/A       100%        3
 Summon Guardian Golem    Hex/Summ       0%         N/A       100%        3
 Lightning Bolt           Conj/Air       0%         1d11      100%        5
 Maxwell's Capacitive Co  Air            0%         ∞         100%        8


Dungeon Overview and Level Annotations

Branches:
Dungeon (4/15)
 Temple: D:4-7

Altars:
Dithmenos
Elyvilon

Shops:
D:1 =


Innate Abilities, Weirdness & Mutations

You are immune to sickness and miasma.
Your stone body is resilient. (AC +3)
You are immune to poison.
You resist negative energy. (rN+)
You are resistant to electric shocks. (rElec)
You are resistant to unholy torment.
You are immune to petrification.


Message History

Huh?
Evoke which item? (* to show all) (? for menu, Esc to quit)
Huh?
Evoke which item? (* to show all) (? for menu, Esc to quit)
Okay, then.
You closely miss something. Something hits you.
* * * LOW HITPOINT WARNING * * *
You barely miss something.
You hear some strange, mumbled words.
A magic dart appears from out of thin air!
The magic dart hits you.
* * * LOW HITPOINT WARNING * * *
Unknown command.
You barely miss something.
You hear some strange, mumbled words.
You are confused.
You miss something.
You hear some strange, mumbled words.
A magic dart appears from out of thin air!
The magic dart hits you but does no damage.
You barely miss something. Something hits you but does no damage.
You are too confused!
You're too confused to move!
Something hits you but does no damage.
You hear some strange, mumbled words.
Something tries to affect you, but you resist.
You bump into the rock wall.
You feel less confused.
You hear some strange, mumbled words.
A puff of flame appears from out of thin air!
The puff of flame hits you but does no damage.
It was a potion of attraction.
You feel attractive to monsters. Something hits you but does no damage.
It was a potion of ambrosia.
You are confused.
You feel invigorated.
You hear some strange, mumbled words.
A magic dart appears from out of thin air!
The magic dart hits you.
You die...

#.......... ...
######...##.####
#.#
§§##....#...##.#
##..
§§§#.)).)...##.
....
.§§§§.§##.##..###
####
_§§§...##.##...#
§.§§§.##.##.#.#
§§§§#......>#.#
§§§##..@....#.# .
####{#....#
#.........#
####.#...##
#)##.## ####)##.#
#......>#
#.##.#### # #.#


There were no monsters in sight!

Vanquished Creatures
  A hound (D:2)
  A dart slug (D:1)
  4 orcs (D:3)
  5 ball pythons
  4 endoplasms
  2 giant cockroaches
  3 goblins
  5 hobgoblins (D:1)
  2 quokkas
  4 bats
  A frilled lizard (D:1)
  5 kobolds
  4 rats
41 creatures vanquished.

Vanquished Creatures (collateral kills)
  An orc (D:3)
1 creature vanquished.

Vanquished Creatures (others)
  A hound (D:3)
  An orc (D:3)
  8 plants (D:3)
10 creatures vanquished.

Grand Total: 52 creatures vanquished

Notes
Turn   | Place    | Note
-------+----------+-------------------------------------------
     0 | D:1      | ragingrage the Gargoyle Artificer began the quest for the
                  | Orb.
     0 | D:1      | Reached XP level 1. HP: 12/12 MP: 1/1
   540 | D:1      | Reached skill level 1 in Dodging
   540 | D:1      | Reached XP level 2. HP: 16/16 MP: 2/2
   602 | D:1      | Found a faded altar of an unknown god.
   644 | D:1      | You fall into a shaft and drop 1 floor!
   644 | D:2      | Found a white marble altar of Elyvilon.
   866 | D:1      | Found Nannutun's Jewellery Shoppe.
  1016 | D:1      | Reached XP level 3. HP: 15/21 MP: 3/3
  1459 | D:1      | Reached skill level 3 in Evocations
  2068 | D:2      | Reached XP level 4. HP: 14/26 MP: 4/4
  2551 | D:3      | Found a shadowy altar of Dithmenos.
  2578 | D:4      | Noticed a scorpion
  2630 | D:3      | HP: 1/26 [something/magic dart (2)]
  2638 | D:3      | Killed from afar by an orc wizard

Illustrated notes

Levels and vault maps discovered:
D:1:      tarquinn_simple_flora_water_a, layout_loops_corners,
          ebering_ecumenical_altar_rust, serial_shops, shop
D:2:      layout_basic, basic_altar, minmay_large_rounded_square
D:3:      layout_loops_ring, okawaru_trees_2, nicolae_dithmenos_the_darkroom,
          nicolae_elyvilon_temple_path, kennysheep_nub, lemuel_old_faithful
D:4:      layout_loops_ring, minmay_vboxes

Skill      XL: |  1  2  3 |
---------------+----------+-----
Dodging        | 1 |  1.5
Evocations     | 3 |  3.2
Fighting       | 2 |  2.2
Stealth        | 2 |  2.3
Armour         | |  2.8

Action                   |  1- 3 |  4- 6 || total
-------------------------+-------+-------++-------
Melee: Short sword       |   148 |    52 ||   200
       Club              |     6 |       ||     6
Throw: Dart              |       |    11 ||    11
       Throwing net      |       |     1 ||     1
Evoke: Wand              |     1 |    20 ||    21
  Use: Potion            |       |     2 ||     2
 Stab: Sleeping          |     2 |       ||     2
       Distracted        |     1 |       ||     1
       Held in net/web   |       |     1 ||     1
Armor: Leather armour    |    43 |       ||    43
       Chain mail        |    22 |    50 ||    72
Dodge: Dodged            |    95 |    32 ||   127

Table legend: (Time is in decaauts)
 A = Elapsed time spent in this place.
 B = Non-inter-level travel time spent in this place.
 C = Inter-level travel time spent in this place.
 D = Time resting spent in this place.
 E = Time spent auto-exploring this place.
 F = Levels seen in this place.
 G = Mean time per level.
                   A        B        C        D        E       F      G
               +--------+--------+--------+--------+--------+-----+--------+
         Total |   2661 |   2539 |    122 |    397 |   1640 |   4 |  665.2 |
       Dungeon |   2661 |   2539 |    122 |    397 |   1640 |   4 |  665.2 |
               +--------+--------+--------+--------+--------+-----+--------+

Top non-repeatable levels by time:
     D:1: 1432 daAuts
     D:2: 819 daAuts
     D:3: 406 daAuts
     D:4: 2 daAuts
